Map: Dreamcatcher LE

Players

Thor

  • Race: Terran Terran
  • League: Platinum
  • Spawn Location: 5:00

Lonk - Winner!

  • Race: Protoss Protoss
  • League: Diamond
  • Spawn Location: 11:00

VOD

Have the link to the VOD?

Description

It held for so longggggg and I fed it so muchhhhh

Time

  • Played on: Aug. 11, 2018, 2:34 p.m.
  • Length: 24:50
Show
View Real Time Build Order
Export as new Build Order

Thor Terran 

Build Orders: Cyclone Opening, MMM Bio 

Get SALT Encoding   

  12  0:03  SCV  
  13  0:15  SCV  
  13  0:20  Supply Depot  
  14  0:27  SCV  
  15  0:42  SCV  
  16  0:43  Barracks  
  16  0:48  Refinery  
  16  0:54  SCV  
  17  0:57  Refinery  
  17  1:10  Supply Depot  
  17  1:19  Supply Depot  
  17  1:20  SCV  
  18  1:32  Marine  
  19  1:33  SCV  
  20  1:45  SCV  
  21  1:56  Factory  
  21  2:13  SCV  
  22  2:16  Barracks Reactor  
  22  2:29  SCV  
  23  2:36  Command Center  
  23  2:42  Starport  
  23  2:55  SCV  
  23  2:57  Cyclone  
  27  3:07  SCV  
  28  3:19  SCV  
  29  3:24  Barracks  
  28  3:31  SCV  
  28  3:33  Barracks Tech Lab  
  29  3:42  Cyclone, Refinery x2  
  29  3:45  SCV  
  33  3:53  Medivac  
  35  3:58  Stimpack  
  35  4:01  SCV  
  36  4:04  SCV  
  37  4:14  Barracks Reactor  
  37  4:16  Medivac  
  39  4:18  Factory Reactor  
  39  4:21  Marine  
  39  4:23  SCV  
  41  4:27  SCV  
  41  4:31  Liberator  
  42  4:34  Engineering Bay  
  42  4:42  SCV x2  
  44  4:52  Marine  
  48  4:53  Marine  
  49  5:01  Orbital Command  
  49  5:07  Missile Turret  
  49  5:12  Missile Turret  
  49  5:14  SCV  
  50  5:22  Medivac  
  50  5:26  SCV  
  53  5:34  Terran Infantry Armor Level 1  
  53  5:37  SCV  
  54  5:50  Planetary Fortress  
  40  7:03  Barracks Reactor  
  40  7:04  Starport Reactor  
  40  7:13  Supply Depot  
  40  7:16  Supply Depot x2  
  40  7:17  Supply Depot  
  40  7:25  Factory Tech Lab  
  40  7:32  Liberator x2  
  40  7:45  Cyclone  
  48  8:01  Rapid Fire Launchers  
  48  8:02  Marine  
  48  8:03  Marine  
  50  8:08  SCV  
  51  8:17  Cyclone  
  54  8:20  Marine  
  55  8:27  Barracks  
  55  8:37  Marine  
  55  9:05  Supply Depot  
  55  9:06  Supply Depot  
  55  9:10  Liberator x2  
  55  9:23  Supply Depot  
  55  9:27  Marine x2, Barracks Tech Lab  
  55  9:28  Supply Depot  
  55  9:30  Supply Depot  
  63  9:42  Supply Depot  
  63  9:45  Marine  
  62  10:02  Marine  
  62  10:03  Marauder, Marine  
  59  10:24  Marauder  
  54  10:33  Marine x2  
  56  10:41  Medivac x2  
  57  10:45  Marauder  
  59  10:51  Marine  
  59  10:53  Cyclone  
  63  10:57  Combat Shields  
  63  11:07  Marauder  
  63  11:11  Medivac x2  
  69  11:17  Marine x2  
  71  11:28  Marauder, Supply Depot  
  71  11:30  Supply Depot  
  73  11:35  Marine  
  74  11:43  Marine  
  75  11:50  Marauder  
  75  11:53  Marine  
  78  12:06  Command Center  
  78  12:11  Marauder  
  80  12:32  Marauder  
  67  12:56  Marauder, Marine x2  
  71  13:18  Marauder  
  57  13:34  Liberator  
  48  13:49  Marauder, Marine x2  
  48  13:51  Medivac  
  48  13:53  SCV  
  48  13:55  Cyclone  
  61  14:05  SCV  
  61  14:07  Marine x2  
  64  14:11  Marauder  
  66  14:17  SCV  
  66  14:21  Medivac  
  69  14:24  Marine x2  
  69  14:27  Cyclone  
  69  14:29  SCV  
  75  14:32  Marauder  
  75  14:34  Medivac  
  79  14:39  Refinery  
  79  14:42  Orbital Command, SCV  
  80  14:51  Medivac  
  82  14:53  Marauder  
  82  14:54  SCV  
  85  15:09  Marine, SCV  
  87  15:15  Marauder  
  90  15:21  SCV  
  90  15:30  Command Center  
  90  15:36  Marauder  
  88  15:52  Liberator x2  
  75  16:15  Marine, Command Center  
  75  16:16  Marauder  
  65  16:43  Marine x2  
  65  16:44  Marauder  
  52  17:01  Marine x2  
  49  17:05  Marauder  
  53  17:16  Liberator x2  
  53  17:18  Cyclone  
  53  17:19  Marine x2  
  53  17:21  Orbital Command  
  58  17:26  Marauder  
  58  17:27  Orbital Command  
  58  17:29  SCV x2  
  62  17:37  Marine  
  66  17:48  Marauder  
  66  17:49  Concussive Shells  
  66  17:50  Cyclone  
  71  17:59  Marine x2, SCV  
  74  18:06  SCV x2  
  74  18:09  Marauder  
  74  18:11  Barracks  
  75  18:12  Barracks  
  75  18:22  Cyclone  
  72  18:31  Marauder  
  66  18:38  Liberator x2  
  66  18:39  Marine x2  
  61  18:50  SCV x2  
  61  18:52  Marauder  
  68  18:57  Marine x2  
  73  19:03  Siege Tank  
  73  19:07  Barracks Tech Lab x2  
  76  19:13  Marauder  
  76  19:15  Marine  
  79  19:24  Marine  
  76  19:33  Marine  
  76  19:35  Marauder  
  76  19:36  Orbital Command  
  79  19:42  Marine  
  80  19:47  Siege Tank  
  80  19:49  SCV  
  80  19:50  Marine  
  85  19:56  Marauder  
  87  20:00  Marine  
  86  20:08  Marine  
  86  20:18  Marauder, Marine  
  86  20:19  Siege Tank  
  92  20:26  Marine  
  93  20:36  Marine  
  93  20:39  Marauder  
  96  20:44  Marine  
  87  20:53  Marine  
  86  21:00  Marauder  
  86  21:02  Marine  
  82  21:11  Marine  
  79  21:20  Marine  
  79  21:22  Marauder  
  79  21:29  Marine  
  71  21:37  Marine  
  72  21:43  Marauder  
  74  21:47  Marine  
  75  21:55  Marine  
  75  21:56  Medivac x2  
  80  22:04  Marauder  
  80  22:05  Marine  
  65  22:16  Marine, Orbital Command  
  66  22:26  Marauder, Medivac  
  70  22:50  Marauder, Marine  
  73  22:51  Marine  
  73  22:52  Marauder x2  
  73  23:07  Marine  
  73  23:09  Marine  
  73  23:11  Marauder  
  68  23:13  Marauder, Marine  
  61  23:28  Marine x2  
  61  23:31  Marauder  
  61  23:33  Marauder  
  65  23:42  Marine  
  62  23:50  Marine  
  62  23:54  Marine  
Show
View Real Time Build Order
Export as new Build Order

Lonk Protoss - Winner!

Build Orders: Dark Templar Rush 

Get SALT Encoding   

  12  0:05  Probe  
  13  0:17  Pylon  
  13  0:36  Assimilator  
  13  0:38  Probe  
  13  0:40  Gateway  
  14  0:46  Probe  
  14  0:54  Probe  
  16  1:07  Probe  
  17  1:19  Probe  
  17  1:22  Pylon  
  18  1:37  Probe  
  19  1:42  Cybernetics Core  
  19  1:43  Gateway  
  19  1:49  Probe  
  20  1:59  Warp Gate  
  20  2:01  Probe  
  20  2:02  Assimilator  
  20  2:13  Probe  
  21  2:22  Stalker  
  23  2:25  Probe  
  24  2:30  Adept  
  26  2:37  Probe  
  27  2:44  Twilight Council  
  27  2:47  Pylon  
  27  2:59  Adept  
  27  3:01  Stalker  
  31  3:28  Nexus  
  31  3:39  Dark Shrine  
  31  3:43  Pylon  
  31  4:12  Adept  
  31  4:13  Adept  
  35  4:28  Gateway  
  35  4:29  Gateway  
  35  4:31  Gateway  
  35  4:37  Probe  
  36  4:45  Probe  
  36  4:46  Probe  
  38  4:55  Probe  
  38  4:58  Probe  
  40  5:03  Zealot x2  
  44  5:07  Probe  
  45  5:15  Assimilator  
  45  5:16  Assimilator  
  45  5:19  Probe  
  46  5:38  Dark Templar x5  
  56  5:44  Probe  
  57  5:56  Probe  
  58  6:08  Probe  
  59  6:13  Dark Templar  
  61  6:18  Pylon  
  61  6:20  Pylon  
  57  6:45  Zealot x4  
  57  6:46  Zealot  
  59  7:19  Probe  
  60  7:25  Robotics Facility  
  60  7:31  Probe  
  55  7:43  Probe  
  50  7:55  Probe  
  47  8:06  Probe  
  47  8:08  Probe  
  47  8:12  Stalker x5  
  59  8:18  Probe  
  60  8:20  Probe  
  61  8:30  Probe  
  61  8:32  Probe, Nexus  
  63  8:42  Probe  
  63  8:44  Probe  
  65  8:54  Probe, Stalker x4  
  65  8:55  Stalker  
  72  9:07  Probe  
  73  9:14  Warp Prism  
  73  9:19  Probe  
  73  9:22  Robotics Bay  
  74  9:31  Probe  
  77  9:37  Pylon  
  77  9:40  Pylon  
  77  9:42  Pylon  
  77  9:43  Probe  
  78  9:55  Probe  
  79  10:07  Probe  
  48  10:38  Blink  
  46  10:44  Assimilator  
  46  10:45  Stalker x2, Assimilator  
  46  10:46  Stalker x3, Disruptor  
  59  11:04  Robotics Facility  
  59  11:09  Robotics Facility  
  59  11:12  Robotics Facility  
  59  11:13  Stalker x4  
  59  11:14  Stalker  
  69  11:21  Probe  
  70  11:29  Probe  
  70  11:38  Disruptor  
  70  11:39  Probe  
  72  11:51  Probe  
  72  11:52  Probe  
  77  11:55  Stalker x3  
  77  11:56  Stalker x2  
  87  12:02  Disruptor x2  
  87  12:03  Probe  
  87  12:04  Probe  
  98  12:15  Probe  
  98  12:17  Observer  
  95  12:24  Nexus  
  95  12:27  Probe  
  91  12:40  Probe  
  91  12:51  Stalker  
  87  13:46  Nexus, Probe  
  88  13:54  Pylon  
  88  13:55  Pylon  
  88  13:56  Pylon  
  88  13:59  Probe  
  89  14:10  Colossus x3, Assimilator  
  89  14:11  Probe  
  89  14:13  Assimilator  
  90  14:23  Probe, Stalker x4  
  117  14:29  Pylon  
  117  14:30  Pylon  
  117  14:33  Forge  
  117  14:47  Probe  
  106  16:10  Stalker x5  
  55  17:05  Stalker x5  
  53  17:17  Probe  
  54  17:27  Pylon  
  54  17:29  Probe, Stalker x2  
  59  17:30  Stalker x3  
  65  17:41  Probe  
  66  17:50  Disruptor x2  
  66  17:51  Disruptor  
  75  17:53  Probe, Stalker x3  
  75  17:54  Stalker x2  
  86  18:05  Probe  
  61  18:41  Stalker x2  
  61  18:42  Stalker x3  
  71  18:52  Gateway  
  71  18:53  Gateway  
  71  18:54  Gateway  
  71  18:57  Gateway  
  71  19:07  Stalker x5  
  71  19:09  Nexus  
  81  19:16  Forge  
  81  19:19  Forge  
  65  19:46  Stalker  
  65  19:47  Stalker x4  
  74  20:30  Stalker x3  
  77  20:59  Stalker  
  77  21:00  Stalker x4  
  87  21:25  Stalker x5  
  93  21:26  Colossus x3  
  109  22:26  Probe  
  110  22:31  Assimilator  
  110  22:36  Assimilator  
  110  22:38  Probe  
  111  22:49  Stalker x6  
  111  22:50  Probe, Stalker x3  
  130  23:02  Probe  
  115  23:14  Probe  
  94  23:21  Stalker x5  
  94  23:24  Stalker x3  
  70  23:54  Stalker x3  
  70  23:55  Stalker x4  
  87  24:37  Stalker x4  
  87  24:38  Stalker x3  
Tags
 
Add a new tag
Caveats
  • Supply blocks, unpowered buildings, or Contaminate may cause inaccurate times.
  • Supply counts are checked every 10 seconds.